 Dungeon Crawl Stone Soup version 0.30-a0-371-gad7725a93e (webtiles) character file.

Game seed: 14385833708095599368

8635 RascalDebosk the Thaumaturge (level 11, 0/85 HPs)
             Began as a Djinni Necromancer on Nov 21, 2022.
             Was an Initiate of Ashenzari.
             Slain by a freezing wraith (4 damage)
             ... on level 9 of the Dungeon on Nov 22, 2022.
             The game lasted 01:50:50 (8988 turns).

RascalDebosk the Thaumaturge (Djinni Necromancer)   Turns: 8988, Time: 01:50:50

Health: 0/85       AC:  9    Str:  7    XL:     11   Next: 59%
Gold:   543        EV: 14    Int: 27    God:    Ashenzari [......] SH:  5 Dex: 14

rFire   + + +      SeeInvis .    n - +0 rapier
rCold   + . .      Faith    .    (no shield)
rNeg    . . .      Spirit   .    y - +0 steam dragon scales
rPois   ∞          Reflect  +    (no helmet)
rElec   .          Harm     .    s - +2 cloak
rCorr   +          Rampage  .    g - +0 pair of gloves
Will    +....                    (boots unavailable)
Stlth   ++........               r - amulet of reflection
HPRegen 0.34/turn                m - ring "Cosmic Soothsayer" {rF+ rC++ rCorr, Evo, Self} (curse)
MPRegen 0.00/turn                E - +6 ring of intelligence

@: flying
A: sickness immunity, fire resistance 2, cold vulnerability 1, float, innate
caster, HP casting, extra vitality 1
a: Renounce Religion, Curse Item, Shatter the Chains


You were on level 9 of the Dungeon.
You worshipped Ashenzari.
Ashenzari was noncommittal.
You visited 2 branches of the dungeon, and saw 10 of its levels.
You also visited: Sewer.

You collected 543 gold pieces.

Inventory:

Hand Weapons
 n - a +0 rapier (weapon)
 B - a +0 long sword
Armour
 a - a +0 robe
 g - a +0 pair of gloves (worn)
 s - a +2 cloak (worn)
 y - +0 steam dragon scales (worn)
Jewellery
 m - the cursed ring "Cosmic Soothsayer" (left hand) {rF+ rC++ rCorr, Evo, Self}
   (You found it on level 2 of the Dungeon)

   [ring of protection from fire]

   rF:        It protects you from fire.
   rC:        It greatly protects you from cold.
   rCorr:     It protects you from acid and corrosion.
   It has a curse which improves the following skills: Evocations: Evocations.
   Introspection: Fighting and Spellcasting.
 r - an amulet of reflection (around neck)
 E - a +6 ring of intelligence (right hand)
Wands
 e - a wand of paralysis (17)
 k - a wand of flame (57)
Scrolls
 f - 3 scrolls of fog {unknown}
 l - a scroll of enchant armour
 o - a scroll of poison {unknown}
 q - 3 scrolls of immolation {unknown}
 t - 3 scrolls of teleportation
 u - a scroll of enchant weapon {unknown}
 x - a scroll of vulnerability {unknown}
 z - 2 scrolls of noise {unknown}
 D - a scroll of blinking {unknown}
 F - a scroll of magic mapping {unknown}
 I - a scroll of torment {unknown}
 K - a scroll of fear {unknown}
Potions
 b - 5 potions of curing
 c - a potion of attraction {unknown}
 d - 4 potions of brilliance
 h - 3 potions of ambrosia
 i - a potion of invisibility {unknown}
 j - 3 potions of mutation
 p - a potion of heal wounds {unknown}
 v - 3 potions of might
 w - 2 potions of berserk rage
 A - 4 potions of haste
 C - a potion of lignification {unknown}
 G - 2 potions of degeneration {unknown}
 H - a potion of cancellation {unknown}
 J - a potion of flight {unknown}


   Skills:
 + Level 9.2(9.6) Fighting
 - Level 5.0 Dodging
 - Level 1.5 Stealth
 * Level 11.3(11.7) Spellcasting
 + Level 2.1(2.5) Evocations


You had 8 spell levels left.
You knew the following spells:

 Your Spells              Type           Power      Damage    Failure   Level
a - Necrotise             Necr           100%       1d9       1%          1
b - Vampiric Draining     Necr           68%        2d10      1%          3
c - Animate Dead          Necr           68%        N/A       1%          4
d - Agony                 Necr           68%        N/A       1%          5
e - Magic Dart            Conj           100%       1d8       1%          1
f - Searing Ray           Conj           100%       2d8       1%          2
g - Poisonous Vapours     Pois/Air       100%       N/A       1%          2
h - Dazzling Flash        Conj/Hex       100%       N/A       1%          3
i - Cause Fear            Hex            34%        N/A       1%          4
Your spell library was empty.

Dungeon Overview and Level Annotations

Branches:
Dungeon (9/15)             Temple (1/1) D:7           Sewer (visited)
   Lair: D:8-11         Orc: D:9-12

Altars:
Ashenzari
Cheibriados
Dithmenos
Elyvilon
Fedhas
Gozag
Hepliaklqana
Makhleb
Okawaru
Qazlal
Ru
Trog
Uskayaw
Wu Jian
Xom
Yredelemnul
The Shining One
Lugonu

Shops:
D:5 *

Annotations:
D:3 1 runed translucent door, baller8008's ghost, amateur DjCj
D:7 2 transporters


Innate Abilities, Weirdness & Mutations

You are immune to sickness and miasma.
You are immune to poison.
Your flesh is very heat resistant. (rF++)
You are vulnerable to cold. (rC-)
You float through the air rather than walking.
You learn spells naturally, not from books.
Your magical power is your life essence.
You have superior vitality. (+4 MHP)


Message History

The puff of frost misses you.
The searing ray hits the ice devil but does no damage.
The searing ray hits the white imp but does no damage.
Something shouts, "Flee, thou mammering spleeny clack-dish!"
Your yak zombie gores the ice devil but does no damage.
A white imp comes into view.
The searing ray hits the ice devil!
The ice devil is moderately wounded.
The searing ray hits the white imp!
The white imp is severely wounded.
The ice devil hits you. The ice devil freezes you! You resist.
Your yak zombie barely misses the ice devil.
Your yak zombie gores the ice devil but does no damage.
Casting: Searing Ray (safe; 1% risk of failure)
Confirm with . or Enter, or press ? or * to list all spells.
You can't see any susceptible monsters within range! (Use Z to cast anyway.)
Casting: Searing Ray (safe; 1% risk of failure)
Confirm with . or Enter, or press ? or * to list all spells.
You can't see any susceptible monsters within range! (Use Z to cast anyway.)
Casting: Searing Ray (safe; 1% risk of failure)
Confirm with . or Enter, or press ? or * to list all spells.
Casting: Dazzling Flash (safe; 1% risk of failure)
Press: ? - help, Dir - look around, f - activate The ice devil is dazzled.
The white imp is dazzled.
The ice devil closely misses you.
Your yak zombie barely misses the ice devil.
The white imp gestures at you. The puff of frost hits you. You resist.
Your yak zombie barely misses the ice devil.
You hit the ice devil but do no damage.
The ice devil is moderately wounded.
The ice devil closely misses you.
Your yak zombie gores the ice devil.
Your yak zombie gores the ice devil but does no damage.
The ice devil hits you! The ice devil freezes you! You resist.
Your yak zombie gores the ice devil.
You hit the ice devil but do no damage.
The ice devil is heavily wounded.
Your yak zombie gores the ice devil!
The white imp gestures at you. The puff of frost hits you. You resist.
* * * LOW HITPOINT WARNING * * *
You block the ice devil's attack.
Your yak zombie gores the ice devil!
You closely miss the ice devil.
The ice devil is almost dead.
The ice devil is no longer blind.
Your yak zombie gores the ice devil.
Your yak zombie barely misses the ice devil.
The white imp gestures at you. The puff of frost misses you.
The white imp disappears for a moment.
The ice devil hits you.
* * * LOW HITPOINT WARNING * * *
The ice devil freezes you! You resist.
* * * LOW HITPOINT WARNING * * *
Your yak zombie closely misses the ice devil.
You barely miss the ice devil.
The ice devil is almost dead.
The freezing wraith completely misses you.
The freezing wraith hits you but does no damage.
Your yak zombie barely misses the ice devil. x2
The ice devil completely misses you.
Your yak zombie gores the ice devil.
You barely miss the ice devil.
The ice devil is almost dead.
The white imp is no longer blind.
The white imp gestures at you. The puff of frost hits you. You resist.
* * * LOW HITPOINT WARNING * * *
The freezing wraith barely misses you. The freezing wraith hits you.
* * * LOW HITPOINT WARNING * * *
The white imp hits your yak zombie. The white imp freezes your yak zombie.
Your yak zombie completely resists.
The white imp hits your yak zombie but does no damage.
The ice devil closely misses you.
Your yak zombie barely misses the ice devil.
Your yak zombie gores the ice devil but does no damage.
You block the freezing wraith's attack.
The freezing wraith hits you but does no damage.
The white imp hits your yak zombie. The white imp freezes your yak zombie.
Your yak zombie resists.
The white imp closely misses you. The white imp hits your yak zombie.
The white imp freezes your yak zombie.
Your yak zombie resists.
Casting: Dazzling Flash (safe; 1% risk of failure)
Confirm with . or Enter, or press ? or * to list all spells.
Casting: Dazzling Flash (safe; 1% risk of failure)
Press: ? - help, Dir - look around, f - activate The ice devil is dazzled.
The white imp is dazzled. x3
* * * LOW HITPOINT WARNING * * *
The ice devil misses you.
Your yak zombie closely misses the ice devil.
Your yak zombie gores the ice devil but does no damage.
Your yak zombie gores the ice devil.
The white imp gestures at you. The puff of frost misses you.
The white imp shouts, "Accept thy doom, thou peaked folly-fallen harpy!"
The white imp hits your yak zombie. The white imp freezes your yak zombie.
Your yak zombie completely resists.
The freezing wraith hits you!
* * * LOW HITPOINT WARNING * * *
The freezing wraith freezes you. You resist.
You die...

### #.... .... ...
##... ...# .... ##..
#..~ #..# #.# #..~##
~..# #.#
.##..#~~##~.[##. #.#
.......#55#..... ##.#
......5W4Z...... ##..#
#....@ZZ...# #...'
####''''#### #...#
##......### #Z...
............# #....
.............######....
.......................
.................#####.
.................# ##
##################


You could see an ice devil (blind, ally target), a freezing wraith, 3 white imps
and 3 friendly yak zombies.

Vanquished Creatures
  A two-headed ogre (D:6)
  Pikel (D:5)
  An ugly thing (D:9)
  Joseph (D:8)
  2 trolls
  3 hornets
  Sigmund (D:5)
  13 yaks
  3 steam dragons
  A water moccasin (D:6)
  A sky beast (D:7)
  2 ice beasts (D:6)
  A black bear (D:6)
  2 centaurs
  2 phantoms
  2 lemures (D:5)
  2 kobold brigands
  A bullfrog (D:9)
  5 scorpions
  A necrophage (D:4)
  5 wights (D:6)
  4 killer bees
  3 howler monkeys
  A jelly (D:6)
  Crazy Yiuf (D:2)
  5 orc priests
  A gnoll bouda (D:7)
  5 hounds
  3 iguanas
  Jessica (D:2)
  5 orc wizards
  A hell rat (Sewer)
  9 gnolls
  7 adders
  3 river rats (Sewer)
  2 white imps
  3 worms
  4 dart slugs
  36 orcs
  6 endoplasms
  6 giant cockroaches
  12 goblins
  8 hobgoblins
  2 jackals (D:3)
  15 kobolds
  4 quokkas
  6 ball pythons
  4 bats
  2 frilled lizards (D:1)
  7 rats
217 creatures vanquished.

Vanquished Creatures (collateral kills)
  A yak (D:8)
  A sky beast (D:8)
  A bullfrog (D:7)
  3 wights (D:9)
  An orc priest (D:7)
  A gnoll bouda (D:7)
  2 gnolls (D:7)
  An adder (D:6)
  A river rat (Sewer)
  A shadow imp (D:7)
  A white imp (D:7)
  A worm (D:3)
  4 orcs
  A ball python (D:1)
  A hobgoblin (D:5)
  A jackal (D:3)
  3 kobolds
  A rat (Sewer)
26 creatures vanquished.

Vanquished Creatures (others)
  An ugly thing zombie (D:9)
  3 yak zombies (D:8)
  A kobold zombie (D:5)
  A black bear zombie (D:6)
  A scorpion zombie (D:7)
  A killer bee zombie (D:9)
  A howler monkey zombie (D:6)
  A steam dragon zombie (D:6)
  A human zombie (D:5)
  3 gnoll zombies (D:7)
  An endoplasm zombie (D:2)
  3 jackal zombies (D:3)
  11 orc zombies
  A rat zombie (Sewer)
30 creatures vanquished.

Grand Total: 273 creatures vanquished

Notes
Turn   | Place    | Note
-------+----------+-------------------------------------------
     0 | D:1      | RascalDebosk the Djinni Necromancer began the quest for the
                  | Orb.
     0 | D:1      | RascalDebosk set off with the following spells memorised:
                  | Necrotise, Vampiric Draining, Animate Dead, Agony.
     0 | D:1      | Reached XP level 1. HP: 15/15 MP: 0/0
    37 | D:1      | Reached XP level 2. HP: 15/21 MP: 0/0
   199 | D:1      | Reached XP level 3. HP: 15/25 MP: 0/0
   199 | D:1      | Learned a level 1 spell: Magic Dart
   457 | D:1      | Reached skill level 4 in Spellcasting
   789 | D:2      | Noticed Jessica
   795 | D:2      | Killed Jessica
   796 | D:2      | Reached XP level 4. HP: 21/31 MP: 0/0
   851 | D:2      | Identified the ring of Meser {rF+ rC++ rCorr}
  1036 | D:2      | Found a hide-covered altar of Uskayaw.
  1365 | D:2      | Found a runed translucent door.
  1366 | D:2      | Noticed Crazy Yiuf
  1372 | D:2      | Killed Crazy Yiuf
  1373 | D:2      | Reached XP level 5. HP: 35/35 MP: 0/0
  1373 | D:2      | Learned a level 2 spell: Searing Ray
  1480 | D:3      | Reached skill level 5 in Spellcasting
  1539 | D:3      | Identified the +0 pair of boots of the Transmuting Gods
                  | {Str+6 Dex+3}
  1603 | D:3      | Found a runed translucent door.
  1606 | D:3      | Noticed baller8008's ghost (amateur DjCj)
  1853 | D:3      | Identified the +4 dagger of Trauma {vorpal, rElec rN+++
                  | Int-4 Dex+4}
  2077 | D:3      | Found a snail-covered altar of Cheibriados.
  2293 | D:3      | Reached skill level 1 in Fighting
  2293 | D:3      | Reached XP level 6. HP: 31/42 MP: 0/0
  2597 | D:4      | Reached XP level 7. HP: 48/49 MP: 0/0
  2597 | D:4      | Learned a level 2 spell: Poisonous Vapours
  2683 | D:4      | Reached skill level 6 in Spellcasting
  2922 | D:4      | Found a glowing drain.
  2932 | Sewer    | Entered a sewer
  3204 | D:4      | Reached XP level 8. HP: 44/56 MP: 0/0
  3790 | D:5      | Entered Level 5 of the Dungeon
  3811 | D:5      | Noticed Sigmund
  3821 | D:5      | Killed Sigmund
  3927 | D:5      | Reached skill level 7 in Spellcasting
  4373 | D:5      | Noticed Pikel
  4380 | D:5      | Your ally Sigmund died
  4389 | D:5      | Killed Pikel
  4390 | D:5      | Reached skill level 5 in Fighting
  4390 | D:5      | Reached XP level 9. HP: 40/65 MP: 0/0
  4390 | D:5      | Learned a level 3 spell: Dazzling Flash
  4658 | D:5      | Found Suycw's Mass Market.
  4891 | D:5      | Your ally Pikel died
  4896 | D:5      | Reached skill level 8 in Spellcasting
  5654 | D:6      | Noticed a two-headed ogre
  5683 | D:6      | Killed a two-headed ogre
  5684 | D:6      | Reached skill level 9 in Spellcasting
  5684 | D:6      | Reached XP level 10. HP: 71/75 MP: 0/0
  6168 | D:7      | Found a staircase to the Ecumenical Temple.
  6190 | Temple   | Entered the Ecumenical Temple
  6379 | Temple   | Became a worshipper of Ashenzari the Shackled
  6721 | D:7      | Noticed a black mamba
  6721 | D:7      | Noticed a brown ugly thing
  6722 | D:7      | Found a transporter.
  6723 | D:7      | Noticed a white ugly thing
  6723 | D:7      | Noticed a red ugly thing
  6724 | D:7      | Found a corrupted altar of Lugonu.
  6724 | D:7      | Noticed a brown ugly thing
  6804 | D:7      | Reached skill level 10 in Spellcasting
  6942 | D:7      | Found a transporter.
  6947 | D:7      | a wind drake changed into a yaktaur
  6947 | D:7      | Noticed a yaktaur (shapeshifter)
  6960 | D:7      | a yaktaur changed into a raiju
  7012 | D:7      | Noticed an entropy weaver
  7013 | D:7      | an entropy weaver changed into a rime drake
  7013 | D:7      | Noticed a rime drake (shapeshifter)
  8136 | D:8      | Reached XP level 11. HP: 79/82 MP: 0/0
  8136 | D:8      | Learned a level 4 spell: Cause Fear
  8278 | D:8      | Noticed Joseph
  8329 | D:8      | Killed Joseph
  8589 | D:9      | Noticed a white ugly thing
  8603 | D:9      | Reached skill level 5 in Dodging
  8609 | D:9      | Killed a white ugly thing
  8610 | D:9      | Reached skill level 11 in Spellcasting
  8610 | D:9      | Reached skill level 1 in Evocations
  8988 | D:9      | HP: 4/85 [freezing wraith (10)]
  8988 | D:9      | Slain by a freezing wraith

Illustrated notes

Levels and vault maps discovered:
D:1:      wander_arrival_fairy_ring, layout_basic, corexii_leaking_fountain,
          minmay_misc_feat_five, dreamdust_mushroom_princess, glass_columns_c,
          minmay_cut_off
D:2:      layout_basic, basic_altar, minmay_tromino_v4_a, uniq_jessica,
          uniq_crazy_yiuf_cottage
D:3:      layout_basic, cheibriados_altar_1, ebering_ghost_reflecting_pool,
          grunt_ministairs_5
D:4:      layout_cave_pods, cheibrodos_sewer_entry_bend
D:5:      cheibrodos_thug_alley, layout_basic, minmay_shop_mass, uniq_pikel,
          uniq_sigmund
D:6:      layout_cave_pools, supply_closet_lemuel, abandoned_shop
D:7:      gammafunk_corrupted_shrine, layout_loops_ring,
          minmay_temple_entry_waves
D:8:      layout_basic, uniq_joseph
D:9:      layout_irregular_city, ebering_ghost_disaster_area,
          hellmonk_guarded_unrand_frostbite
Temple:   hellmonk_temple_of_storms

Skill      XL: |  1  2  3  4  5  6  7  8  9 10 11 |
---------------+----------------------------------+-----
Spellcasting   | 4 5 6 7 9 10 11 | 11.3
Fighting       | 1 2 3 5 7 8 9 |  9.2
Dodging        | 3 5 |  5.0
Evocations     | 2 |  2.1
Stealth        | |  1.5

Action                   |  1- 3 |  4- 6 |  7- 9 | 10-12 || total
-------------------------+-------+-------+-------+-------++-------
Melee: Rapier            |       |    25 |   120 |   103 ||   248
       Punch             |       |       |     2 |     3 ||     5
 Cast: Necrotise         |    35 |    39 |    43 |    15 ||   132
       Magic Dart        |    28 |    21 |    47 |    15 ||   111
       Vampiric Draining |     1 |    11 |    17 |    84 ||   113
       Animate Dead      |       |     2 |     8 |     7 ||    17
       Searing Ray       |       |     5 |    12 |    21 ||    38
       Poisonous Vapours |       |       |    23 |    17 ||    40
       Dazzling Flash    |       |       |       |     2 ||     2
Invok: Curse Item        |       |       |       |     1 ||     1
  Use: Scroll            |       |       |     2 |     7 ||     9
       Potion            |       |       |       |     1 ||     1
 Stab: Distracted        |       |       |     2 |       ||     2
Armor: Robe              |     3 |    16 |    38 |    18 ||    75
       Steam dragon scal |       |       |       |    24 ||    24
Dodge: Dodged            |     6 |    44 |    99 |   123 ||   272
Block: Other             |       |    18 |    36 |    50 ||   104
       Reflection        |       |       |     1 |     1 ||     2

Table legend: (Time is in decaauts)
 A = Elapsed time spent in this place.
 B = Non-inter-level travel time spent in this place.
 C = Inter-level travel time spent in this place.
 D = Time resting spent in this place.
 E = Time spent auto-exploring this place.
 F = Levels seen in this place.
 G = Mean time per level.
                   A        B        C        D        E       F      G
               +--------+--------+--------+--------+--------+-----+--------+
         Total |   9033 |   8902 |    131 |    869 |   4082 |  11 |  821.2 |
       Dungeon |   8725 |   8594 |    131 |    869 |   3910 |   9 |  969.4 |
        Temple |    207 |    207 |      0 |      0 |    172 |   1 |  207.0 |
         Sewer |     99 |     99 |      0 |      0 |      0 |   1 |   99.0 |
               +--------+--------+--------+--------+--------+-----+--------+

Top non-repeatable levels by time:
     D:7: 1346 daAuts
     D:5: 1345 daAuts
     D:4: 1247 daAuts
     D:6: 1028 daAuts
     D:3: 984 daAuts
     D:8: 877 daAuts
     D:1: 779 daAuts
     D:2: 686 daAuts
     D:9: 429 daAuts
  Temple: 207 daAuts
   Sewer: 99 daAuts
